[Event "Slovakian ECo-C Extraliga 2024-25"]
[Site "Slovakia"]
[Date "2025.01.18"]
[Round "3.6"]
[White "Galla, Richard"]
[Black "Jablonicky, Martin"]
[Result "0-1"]
[Annotator "TA"]
[ECO "A58"]
[WhiteElo "1977"]
[BlackElo "2418"]
[PlyCount "54"]
[EventDate "2024.09.12"]
[EventType "team-tourn"]
[EventCountry "SVK"]
[SourceTitle "playchess.com"]
[Source "ChessBase"]
[SourceQuality "1"]
[TimeControl "5400+30"]

1. d4 Nf6 2. c4 g6 3. g3 c5 4. d5 b5 5. cxb5 a6 6. bxa6 Bg7 7. Bg2 O-O 8. Nc3 d6 9. Nf3 Bxa6 10. O-O Nbd7 11. Re1 Qa5 12. Qc2 Rfb8 13. h3 Nb6 14. Nd2 {[%emt 0:03:09] [#] Strongly threatening Nb3.} Bc8 {[%emt 0:00:43] The position is equal.} 15. e4 Nfd7 16. f4 c4 $1 {[%emt 0:04:30][%mdl 1024] Black has compensation.} 17. Bf1 Ba6 18. Nf3 Nc5 19. Be3 {[%emt 0:12:00] [#]} (19. Re3 $15) 19... Nba4 $1 $17 20. Nxa4 Nxa4 21. b4 Rxb4 22. Rab1 Rb2 23. Rxb2 Nxb2 24. Rb1 $2 {[%emt 0:04:44] Now White is beyond hope.} (24. e5 $17 {is a better defense.} Nd3 (24... Qxa2 25. Bd4 $11) (24... Qxd5 25. Qxb2 c3 26. Qb6 $16) 25. Bxd3 cxd3 26. Qb3) 24... c3 $19 (24... Qxa2 25. Bd4 Bxd4+ 26. Nxd4 $11) 25. Bxa6 Qxa6 ({Much less strong is} 25... Rxa6 26. Rc1 $19) 26. Nd4 Qa4 27. Qxc3 (27. Qxa4 Rxa4 28. Nc2) 27... Nd1 {[%emt 0:00:14] Weighted Error Value: White=0.50/Black=0.12 (very precise) .  Mistake:       	White=3     	---        Inaccurate:     	White=3     	Black=1      OK:         	White=4     	Black=4      Best:        	---       	Black=2      Strong:       	---       	Black=2} (27... Qxa2 $2 {loses.} 28. Rxb2 Qa6 29. Bf2 $18) 0-1

[Event "Slovakian ECo-C Extraliga 2024-25"]
[Site "Slovakia"]
[Date "2025.01.18"]
[Round "3.6"]
[White "Benci, Jozef"]
[Black "Vojtek, Vladimir"]
[Result "0-1"]
[Annotator "TA"]
[ECO "A05"]
[WhiteElo "1954"]
[BlackElo "2259"]
[PlyCount "98"]
[EventDate "2024.09.12"]
[EventType "team-tourn"]
[EventCountry "SVK"]
[SourceTitle "playchess.com"]
[Source "ChessBase"]
[SourceQuality "1"]
[TimeControl "5400+30"]

1. Nf3 Nf6 2. c4 b6 3. g3 Bb7 4. Bg2 e6 5. O-O Be7 6. b3 O-O 7. Bb2 d5 8. e3 Nbd7 9. Nc3 Nc5 10. d4 Nce4 11. Nxe4 Nxe4 12. Nd2 (12. Ne5 $14) 12... Nf6 13. Rc1 Re8 14. Qe2 a5 15. a4 Bb4 16. Rfd1 Qe7 17. Qd3 Rac8 18. Bc3 Bxc3 19. Qxc3 c5 20. dxc5 Qxc5 21. Qb2 Qb4 22. Qc3 Qe7 23. Qd4 Rc5 24. Qb2 Rec8 25. cxd5 Bxd5 26. e4 {[%emt 0:03:34] Hoping for Rxc5.} Bb7 27. Re1 h6 28. Nc4 Qc7 29. Rcd1 Ba6 30. Bf1 Rd8 31. Qb1 Bxc4 32. bxc4 e5 33. Rxd8+ Qxd8 34. Rd1 Qc7 35. Bd3 g6 36. Qc2 (36. Kg2 $15) 36... Kg7 {[%emt 0:00:28] White is weak on the dark squares} 37. Rb1 Qd6 38. Rb5 (38. Kg2 $15) 38... Nd7 $17 {[%emt 0:00:36][%cal Bf6d7,Bd7c5,Bc5e6,Be6d4][%mdl 32] Black is more active.} 39. Rb1 Rc7 40. Bf1 ({White should play} 40. Be2) 40... Nc5 41. Rb5 Rc6 42. Rb1 Ne6 43. Qb2 Nd4 44. Qc3 (44. f4 $17 {was worth a try.}) 44... Qc5 $19 45. h4 (45. Kg2 $142) 45... Rf6 {[%emt 0:00:00] And now ...Rf3 would win.} 46. Rb2 $2 (46. Kg2) 46... Rf3 47. Qc1 {[%emt 0:00:00] [#]} Rxg3+ $3 48. Bg2 (48. Kh2 Rg4) 48... Rb3 49. Ra2 {[%emt 0:00:00] Wards off Qa3} Qb4 0-1

[Event "Slovakian ECo-C Extraliga 2024-25"]
[Site "Slovakia"]
[Date "2025.01.18"]
[Round "3.7"]
[White "Borhy, Marcell"]
[Black "Farkas, Gabor"]
[Result "1-0"]
[Annotator "TA"]
[ECO "D44"]
[WhiteElo "2348"]
[BlackElo "2323"]
[PlyCount "95"]
[EventDate "2024.09.12"]
[EventType "team-tourn"]
[EventCountry "SVK"]
[SourceTitle "playchess.com"]
[Source "ChessBase"]
[SourceQuality "1"]
[TimeControl "5400+30"]

1. Nf3 d5 2. d4 Nf6 3. c4 c6 4. Nc3 e6 5. Bg5 dxc4 6. e4 b5 7. e5 h6 8. Bh4 g5 9. Nxg5 hxg5 10. Bxg5 Nbd7 11. exf6 Bb7 12. g3 Qb6 13. Bg2 O-O-O 14. O-O Bh6 15. Bxh6 Rxh6 16. Ne4 Nxf6 {[%emt 0:00:06] D44: Semi-Slav: Botvinnik System.} (16... c5 $16) 17. Nc5 $1 $18 e5 18. Qc1 Rh5 {[%emt 0:00:10] White is clearly better.} 19. Nxb7 (19. dxe5 $6 Qxc5 20. exf6 b4 $16) 19... Rxd4 {[%emt 0:00:08] [#]} 20. a4 $1 Kxb7 21. axb5 Qxb5 {[%emt 0:00:03][%csl Oa7,Oc4,Oc6] [#] Black has weak pawns} (21... e4 $16) 22. b3 $1 Nd5 $146 (22... Qxb3 $2 {too greedy.} 23. Rb1 $18) (22... cxb3 $2 23. Bxc6+ Qxc6 24. Rxa7+ Kxa7 25. Qxc6 $18) (22... Qc5 23. bxc4 e4) (22... c3 23. Qxc3 Nd5 24. Qf3 Rh7 25. Qf5 Rg7 26. Qxe5 Rgg4 27. Qf5 Nc7 28. Qxf7 a6 29. Rfc1 Rd6 30. Bf1 {1-0 Palma,M (2106)-Kalyva,K (1779) Wch U16 Girls 2018 (10.22)}) 23. bxc4 Rxc4 24. Qa3 a5 25. Qf3 ({Less strong is} 25. Qxa5 Qxa5 26. Rxa5 Nc3 $18) 25... Rh6 26. Qxf7+ Nc7 27. Rfe1 Rb4 28. h4 Rd6 29. Qf5 Re6 30. Be4 Rd6 31. h5 Qc5 32. Rac1 Rc4 (32... Qd4 $142 33. Qf8 Ne6 34. Qe7+ Nc7) 33. Rxc4 Qxc4 34. Qf8 (34. Qxe5 $142 Qd4 35. Rb1+ (35. Qxa5 Rd7 $18) 35... Ka6 36. Qf5) 34... Rd4 (34... Qb4 35. Kf1 (35. Rb1 $2 Rd1+ 36. Kg2 Rxb1 $19) 35... Rd4) 35. Bf5 Nb5 36. h6 Qb4 37. Qg7+ Kb6 38. Qxe5 {[%emt 0:00:09] Strongly threatening Qb8+.} Rd5 39. Qb8+ Kc5 40. Rc1+ Nc3 41. Qh8 Rxf5 42. Qxc3+ Qxc3 43. Rxc3+ {[%emt 0:00:00] KR-KR. White is a pawn up.} Kd5 44. g4 Rf8 45. g5 {[%emt 0:00:00] White mates.} Rh8 46. Rg3 a4 47. g6 a3 48. g7 {[%emt 0:00:00] White took control after the opening.   Weighted Error Value: White=0.36/Black=1.11  Mistake:       	---       	Black=3      Inaccurate:     	---       	Black=1      OK:         	White=5     	Black=5      Best:        	White=1     	Black=2      Strong:       	White=3     	---} 1-0

[Event "Slovakian ECo-C Extraliga 2024-25"]
[Site "Slovakia"]
[Date "2025.01.18"]
[Round "3.7"]
[White "Pacher, Milan"]
[Black "Molnar, Erno"]
[Result "1/2-1/2"]
[Annotator "TA"]
[ECO "C54"]
[WhiteElo "2317"]
[BlackElo "2220"]
[PlyCount "72"]
[EventDate "2024.09.12"]
[EventType "team-tourn"]
[EventCountry "SVK"]
[SourceTitle "playchess.com"]
[Source "ChessBase"]
[SourceQuality "1"]
[TimeControl "5400+30"]

1. e4 e5 2. Nf3 Nc6 3. Bc4 Bc5 4. c3 Nf6 5. d3 a6 6. a4 Ba7 7. Bg5 d6 8. Nbd2 h6 9. Bh4 Qe7 10. b4 Be6 11. O-O Bxc4 12. Nxc4 Qe6 13. Bxf6 Qxf6 14. b5 Ne7 15. Rb1 O-O 16. a5 axb5 17. Rxb5 Rfb8 18. Qb3 b6 19. axb6 Bxb6 20. Nxb6 cxb6 21. Rxb6 Rxb6 22. Qxb6 Ng6 23. Qe3 Ra2 24. g3 {[%emt 0:00:56] Repels Nf4} Rc2 25. c4 Nf8 26. Nh4 Ne6 27. Nf5 Nd4 $1 28. Nxd4 exd4 $11 {[%emt 0:00:12][%mdl 4096] Endgame. KQR-KQR} 29. Qe1 {[%emt 0:00:13] The position is equal.} (29. Qf4 {simplifies} Qxf4 30. gxf4 f5 31. Re1) 29... Qf3 30. Qd1 Re2 31. Qb1 Kh7 32. Qb5 Qxd3 33. Qf5+ Kg8 34. Qc8+ Kh7 35. Qf5+ Kg8 (35... Kh8 $5) 36. Qc8+ Kh7 {[%emt 0:00:12] Weighted Error Value: White=0.07 (flawless) /Black=0.06 (flawless) .  Inaccurate:     	White=2     	Black=3      OK:         	White=16    	Black=13     Best:        	White=1     	Black=4      Strong:       	---       	Black=1} 1/2-1/2

[Event "Slovakian ECo-C Extraliga 2024-25"]
[Site "Slovakia"]
[Date "2025.01.18"]
[Round "3.7"]
[White "Zpevak, Pavel"]
[Black "Sklars, Tomas"]
[Result "1/2-1/2"]
[Annotator "TA"]
[ECO "D02"]
[WhiteElo "2277"]
[BlackElo "1917"]
[PlyCount "51"]
[EventDate "2024.09.12"]
[EventType "team-tourn"]
[EventCountry "SVK"]
[SourceTitle "playchess.com"]
[Source "ChessBase"]
[SourceQuality "1"]
[TimeControl "5400+30"]

1. d4 d5 2. Nf3 Nf6 3. c4 c6 4. Qc2 g6 5. cxd5 cxd5 6. Nc3 Nc6 7. Bf4 a6 8. e3 Bf5 9. Qd2 e6 10. Ne5 Nxe5 11. Bxe5 Bd6 (11... h5 $11 {remains equal.}) 12. Bxd6 (12. f3 $16) 12... Qxd6 $11 13. Be2 Rc8 14. O-O h5 15. Rac1 {[%emt 0:03:39][%cal Oc3b5] [#] Black must now prevent Nb5!} Ng4 16. f4 O-O {[%emt 0:08:13] The position is equal.} 17. Na4 Qe7 18. Bf3 Nf6 19. a3 Kg7 20. Nb6 Rc7 21. Qb4 Re8 22. Qxe7 Rexe7 23. Nc8 Red7 24. Nb6 Re7 25. Nc8 Red7 26. Nb6 {[%emt 0:00:32] Weighted Error Value: White=0.13 (very precise) /Black=0.14 (very precise) .  Mistake:       	White=1     	Black=1      Inaccurate:     	White=2     	---        OK:         	White=9     	Black=8} 1/2-1/2

[Event "Slovakian ECo-C Extraliga 2024-25"]
[Site "Slovakia"]
[Date "2025.01.18"]
[Round "3.7"]
[White "Cajka, Tibor"]
[Black "Castiglione, Mario"]
[Result "1/2-1/2"]
[Annotator "TA"]
[ECO "A46"]
[WhiteElo "2210"]
[BlackElo "2229"]
[PlyCount "68"]
[EventDate "2024.09.12"]
[EventType "team-tourn"]
[EventCountry "SVK"]
[SourceTitle "playchess.com"]
[Source "ChessBase"]
[SourceQuality "1"]
[TimeControl "5400+30"]

1. Nf3 Nf6 2. g3 c5 3. d4 cxd4 4. Bg2 Qa5+ 5. Qd2 Qxd2+ 6. Bxd2 $146 {[%emt 0:01:06] A46: 1 d4 Nf6 2 Nf3 e6: Torre, London and Colle Systems.} (6. Nbxd2 Nc6 7. Nc4 d6 8. O-O e5 9. e3 Be6 10. Na3 dxe3 11. Bxe3 Be7 12. Ng5 {½-½ Ojanen,P (2230)-Yrjola,J (2455) FIN-chT Finland 1988}) 6... Nc6 7. Na3 e5 8. Nb5 {[%emt 0:06:13] Black is slightly better.} Rb8 9. c4 a6 (9... dxc3 $17 10. bxc3 Bc5) 10. Nc7+ $11 Kd8 11. Nd5 h6 12. e3 b5 {[%emt 0:19:30] [#]} (12... dxe3 $11 13. Bxe3 b5) 13. Nxe5 $1 {[%emt 0:16:07] White is more active.} Nxe5 14. Ba5+ Ke8 15. Bc7 Nxd5 16. Bxb8 (16. Bxd5 $14 Bb4+ 17. Kf1) 16... Bb4+ (16... bxc4 $2 17. Bxe5 (17. Bxd5 Nc6 $16) 17... Nb4 18. Bxd4 $18 (18. exd4 d6 $16)) 17. Ke2 d3+ (17... Nxc4 18. Bxd5 Nxb2 19. exd4 $16) (17... bxc4 18. Bxe5 d3+ 19. Kd1 $16) 18. Kf1 Nc6 (18... bxc4 $6 19. Bxe5 Bb7 20. a3 $16 (20. Bxg7 Rg8 $16)) 19. Bxd5 Nxb8 20. cxb5 axb5 21. Kg2 Nc6 22. Rhd1 Be7 23. Rxd3 Nb4 24. Rc3 Ba6 25. Be4 Bf6 ({Black should play} 25... Nc6 $11) 26. Rc7 $1 $14 {[%emt 0:05:20][%mdl 1024] White has compensation.} Kd8 (26... Bxb2 $2 27. Rb1 Kd8 28. Ra7 $18 (28. Rxb2 Kxc7 29. Rxb4 Kd6 $14)) 27. Ra7 {[%emt 0:00:50] Hoping for a3.} Re8 $1 (27... Bxb2 $2 28. Rb1 Bc3 (28... Re8 $2 29. Ra8+ Bc8 30. Bb7 $18) 29. a3 $18 (29. Rxb4 Bxb4 30. Rxa6 Ke7 $16)) 28. f3 (28. Bf3 $1 $14 Bc8 (28... Bxb2 $2 29. Rb1 $18) 29. Rd1) 28... Bc8 $36 {[%emt 0:05:38][%cal Oe8e6][%mdl 2048] Black has some pressure.} (28... Bxb2 $2 29. Rb1 Bc3 30. a3 $18) 29. Rd1 (29. Ra5 $11) 29... Re6 $15 30. Ra5 Rb6 31. b3 ({Better is} 31. Rd2 $15) 31... Kc7 (31... Ba6 $17 {Strongly threatening ...Nc6.} 32. a4 Bc3) 32. Ra7+ $11 {[%emt 0:00:53] The position is equal.} Kb8 33. Ra8+ Kc7 34. Ra7+ Kb8 {[%emt 0:00:00] Weighted Error Value: White=0.15 (very precise) /Black=0.23 (precise)   Mistake:       	White=5     	Black=4      Inaccurate:     	White=1     	Black=2      OK:         	White=11    	Black=8      Best:        	White=7     	Black=4      Strong:       	White=1     	Black=1} 1/2-1/2

[Event "Slovakian ECo-C Extraliga 2024-25"]
[Site "Slovakia"]
[Date "2025.01.18"]
[Round "3.7"]
[White "Lisko, Frantisek"]
[Black "Hros, Roman"]
[Result "0-1"]
[Annotator "TA"]
[ECO "C41"]
[WhiteElo "2150"]
[BlackElo "2230"]
[PlyCount "74"]
[EventDate "2024.09.12"]
[EventType "team-tourn"]
[EventCountry "SVK"]
[SourceTitle "playchess.com"]
[Source "ChessBase"]
[SourceQuality "1"]
[TimeControl "5400+30"]

1. d4 d6 2. e4 Nf6 3. Nc3 e5 4. Nf3 Nbd7 5. Bc4 Be7 6. O-O O-O 7. a4 c6 8. a5 Rb8 9. h3 b5 10. axb6 axb6 11. Re1 b5 12. Bf1 h6 13. b3 Bb7 14. Ba3 Ra8 15. Bb2 Qc7 16. g3 Rxa1 17. Bxa1 Re8 18. Bg2 Bf8 19. dxe5 dxe5 20. Bb2 Nc5 21. Nh2 Rd8 22. Qc1 Ne6 23. Ng4 (23. Nf3 $15) 23... Nxg4 $17 24. hxg4 Bb4 25. Re3 (25. Rd1 $17) 25... Nd4 26. Bf1 Bc8 27. Nb1 (27. Kg2 {was worth a try.}) 27... Bc5 28. Rc3 (28. g5 $142) 28... Qb6 (28... Bb4 29. Rd3 $17) 29. g5 (29. Rd3 $142) 29... hxg5 {[%emt 0:00:21] aiming for ...Bg4.} 30. Qxg5 $2 (30. Rd3 {was the crucial defense.}) 30... Ne6 $19 31. Qxe5 Rd1 32. Rf3 $2 (32. Rxc5 Qxc5 33. Qxc5 Nxc5 34. Nc3) 32... Rxb1 33. Qf5 Qb7 ({Inferior is} 33... Rxb2 34. Qxf7+ Kh8 35. Qe8+ Nf8 (35... Kh7 $2 36. Bd3 $18) 36. Qxc8 $14) 34. Bc3 b4 35. Be5 Nd4 36. Qh5 Nxf3+ 37. Qxf3 Qa6 0-1

[Event "Slovakian ECo-C Extraliga 2024-25"]
[Site "Slovakia"]
[Date "2025.01.18"]
[Round "3.8"]
[White "Brnusak, Tomas"]
[Black "Kasperek, Ryszard"]
[Result "1-0"]
[Annotator "TA"]
[ECO "B43"]
[WhiteElo "2236"]
[BlackElo "2069"]
[PlyCount "61"]
[EventDate "2024.09.12"]
[EventType "team-tourn"]
[EventCountry "SVK"]
[SourceTitle "playchess.com"]
[Source "ChessBase"]
[SourceQuality "1"]
[TimeControl "5400+30"]

1. e4 c5 2. Nc3 e6 3. Nf3 a6 4. d4 cxd4 5. Nxd4 b5 6. Bd3 Bb7 7. O-O b4 8. Nce2 Nf6 9. e5 Ng4 $1 10. Bf4 (10. f4 $5) 10... Qa5 11. Ng3 Nxe5 12. Qh5 (12. Re1 $11 {deserves consideration.} Ng6 13. Bc1) 12... Nec6 ({Black should try} 12... Nbc6 $15 13. Nb3 Qc7) 13. Ndf5 $11 (13. Bxh7 Qxh5 14. Nxh5 Nxd4 $19) 13... exf5 $2 (13... Ne5 $1 $11 {and Black is okay.} 14. Qg5 f6 15. Nxg7+ Kf7 16. Qh5+ Kxg7 17. Bh6+ Kg8 18. Bxf8 (18. Qe8 $2 Nbc6 $19) 18... Kxf8 19. Qh6+ Ke8 (19... Ke7 20. Qg7+ Nf7 21. Nf5+ exf5 22. Rfe1+ Kd6 23. Bc4 $17)) 14. Rfe1+ (14. Bxf5 g6 15. Rae1+ Kd8 (15... Be7 16. Qh6 $11) 16. Qh4+ Be7 17. Rxe7 Nxe7 $17) 14... Be7 15. Nxf5 (15. Bxf5 Kd8 $11 (15... g6 16. Qh6 $14)) 15... Kd8 16. Qxf7 $2 (16. Nxg7 Qxh5 17. Nxh5 d5 $15) (16. Qg4 $1 $18 ) 16... Rf8 $16 17. Qxg7 {[%emt 0:03:10][%cal Re1e7] White is much more active. The black rooks are passive.} (17. Qh5 g6 18. Qxh7 gxf5 $19) 17... Rxf5 18. Bg3 $1 $40 {[%emt 0:00:31][%mdl 128] White is out for blood.} d6 (18... Bf8 $142 19. Qxh7 Rxf2) 19. Rxe7 $2 (19. Bxf5 $18 {[%cal Oe1e7] and the rest is easy. Intending Rxe7! and mate.} Qxf5 20. Rad1) 19... Nxe7 20. Re1 {[%emt 0:01:10] The board is on fire.} (20. Bxd6 $16 Nbc6 21. Re1) 20... Nbc6 $1 $11 21. Bxd6 {[%emt 0:00:41][%cal Re1e7] A strong pair of Bishops.} Rg5 $2 (21... Kc8 $11 22. Rxe7 Nxe7 23. Qxe7 Rd5) 22. Bxe7+ $18 Nxe7 23. Qxe7+ (23. Qf8+ Kc7 24. Rxe7+ Kb6 25. Rxb7+ Kxb7) 23... Kc8 24. Qf8+ Kc7 {[%emt 0:01:47] [#]} 25. Re7+ $1 Kb6 {[%emt 0:00:23] [#]} 26. Rxb7+ $1 Kxb7 27. Be4+ Rd5 $2 (27... Kc7 {is a better defense.} 28. Qe7+ (28. Qxa8 b3 $16) (28. Bxa8 Qc5 $18) 28... Kc8 29. Qe8+ (29. Bxa8 Re5 $16) 29... Kc7 30. Qc6+ (30. Bxa8 Qc5 $18) (30. Qxa8 b3 $16) 30... Kd8) 28. Qf7+ (28. Bxd5+ Qxd5 29. Qxb4+ Kc6 30. Qa4+ Kd6 31. Qa3+ Kd7 32. Qa4+ Ke7 33. Qh4+ Kf8 $19) 28... Kc6 {[%emt 0:01:41][%cal Oa8d8] And now ...Rad8! would win.} 29. Qe6+ (29. Bxd5+ $2 {loses.} Qxd5 30. Qf6+ Kb5 $19) 29... Kc7 30. Bxd5 (30. Qxd5 Qxd5 31. Bxd5 Rd8 $19) 30... Rc8 (30... Re8 $18 31. Qc6+ (31. Qxe8 Qxd5 32. g3 Qxa2 $18) 31... Kd8 32. Qd6+ Kc8 33. Be6+ Rxe6 34. Qxe6+ Kb7) 31. Qe7+ 1-0

[Event "Slovakian ECo-C Extraliga 2024-25"]
[Site "Slovakia"]
[Date "2025.01.18"]
[Round "3.8"]
[White "Urhegyi, Marton"]
[Black "Varga, Zoltan"]
[Result "1-0"]
[Annotator "TA"]
[ECO "B01"]
[WhiteElo "2231"]
[BlackElo "2304"]
[PlyCount "52"]
[EventDate "2024.09.12"]
[EventType "team-tourn"]
[EventCountry "SVK"]
[SourceTitle "playchess.com"]
[Source "ChessBase"]
[SourceQuality "1"]
[TimeControl "5400+30"]

1. e4 d5 2. exd5 Qxd5 3. Nc3 Qe5+ 4. Be2 Bg4 5. d4 Bxe2 6. Qxe2 {[%emt 0:00:08] B01: Scandinavian Defence.} (6. Ngxe2 $16 Qa5 7. a3) 6... Qxe2+ $11 7. Ngxe2 c6 8. Bg5 $146 {[%emt 0:00:04][%cal Bc1g5,Bg5h4,Bh4g3,Bg3f4][%mdl 32] White has an edge.} (8. Bf4 e6 9. a3 a5 10. O-O Nf6 11. f3 Be7 12. Ne4 O-O 13. c3 a4 14. Rad1 {0-1 Barati,K-Lobkin,B (1795) World-chT Rapid 2023 (1.10)}) 8... h6 9. Bh4 e6 10. O-O-O Ne7 11. Bg3 Nf5 12. Bf4 Nd7 13. Ne4 O-O-O 14. g4 {[%emt 0:00:04][%cal Oh2h4] [#]} Nh4 15. Bg3 $36 {[%emt 0:00:08][%mdl 2048] White has the initiative.} Be7 {[%emt 0:00:05] This move loses the game for Black.} (15... g5 $11 {and Black is okay.}) 16. Bxh4 $18 Bxh4 17. Nd6+ Kc7 18. Nxf7 {[%emt 0:00:05] Excellent horsemanship.} Bxf2 19. Kb1 Nf6 20. Nxh8 Rxh8 21. h3 Bh4 22. Nf4 {[%emt 0:00:00][%cal Of4g6] [#] Ng6! would now be deadly.} Re8 23. Ng6 Bg3 24. Rd3 Bd6 25. Re1 b5 26. Rde3 Kd7 {[%emt 0:00:00] Weighted Error Value: White=0.12 (very precise) /Black=0.37  Loses game:     	---       	Black=1      Inaccurate:     	White=1     	Black=2      OK:         	White=5     	Black=6      Best:        	White=2     	Black=1} 1-0

[Event "Slovakian ECo-C Extraliga 2024-25"]
[Site "Slovakia"]
[Date "2025.01.18"]
[Round "3.8"]
[White "Petran, Peter"]
[Black "Bury, Rastislav"]
[Result "1/2-1/2"]
[Annotator "TA"]
[ECO "D78"]
[WhiteElo "2165"]
[BlackElo "2095"]
[PlyCount "96"]
[EventDate "2024.09.12"]
[EventType "team-tourn"]
[EventCountry "SVK"]
[SourceTitle "playchess.com"]
[Source "ChessBase"]
[SourceQuality "1"]
[TimeControl "5400+30"]

1. g3 d5 2. Nf3 Nf6 3. Bg2 g6 4. c4 c6 5. b3 Bg7 6. Bb2 O-O 7. O-O Nbd7 8. d4 Ne4 9. Nbd2 Ndf6 10. Ne5 Be6 11. Ndf3 Rc8 12. c5 Nd7 13. b4 Nxe5 14. Nxe5 f6 15. Nd3 Qd7 16. Nf4 {[%emt 0:07:53] Wards off Bh3} Bf7 17. f3 Ng5 18. h4 Ne6 19. Nd3 Bh6 20. Kh2 Ng7 21. Bc1 Bxc1 22. Qxc1 Rce8 23. Qc3 Qc7 24. f4 Nf5 25. Bh3 Nh6 26. a4 e5 27. fxe5 $16 {[%emt 0:06:32] White is more active.} Be6 28. Bxe6+ (28. exf6 Bxh3 29. Kxh3 Rxe2 $17) (28. Rxf6 $2 Rxf6 29. exf6 Bxh3 30. Kxh3 Qc8+ 31. Kh2 (31. Kg2 $2 Rxe2+ 32. Kg1 Re3 $19) 31... Rxe2+ 32. Kg1 Re3 33. f7+ Kg7 $19 (33... Nxf7 34. Kf2 $15)) 28... Rxe6 29. Rf4 Rfe8 (29... Qd7 $142) 30. Raf1 (30. Rxf6 $2 Rxf6 (30... Ng4+ $2 31. Kh3 $19) 31. b5 Rf7 $19) 30... g5 (30... Qg7 $16 {keeps fighting.} 31. Kh3 (31. Rxf6 Ng4+ 32. Kg1 Nxf6 $17) 31... Qd7) 31. hxg5 $18 (31. Rxf6 Rxf6 32. Rxf6 (32. exf6 $2 {perishes.} Rxe2+ 33. Rf2 Ng4+ 34. Kg2 Nxf2 $19) 32... Ng4+ 33. Kg2 Nxf6 34. exf6 Re3 $11 (34... Rxe2+ 35. Kf3 $11)) 31... fxg5 32. R4f3 Ng4+ 33. Kg1 Rh6 {[%emt 0:01:15] [#]} 34. R1f2 $2 Nxf2 $11 35. Nxf2 Qd7 {[%emt 0:00:10] Prevents Ng4.} 36. Qe3 Rg6 37. g4 Rf8 38. Kg2 Rf7 39. Kg3 Qe7 40. Rf5 h5 41. gxh5 (41. Kg2 $11) 41... Rxf5 $15 42. hxg6 $11 {[%emt 0:00:10][%mdl 4096] Endgame [#] KQR-KQN} Kg7 (42... Qe6 $1 $17 43. b5 Kg7 (43... Qxg6 44. Kg2 $17)) 43. Ng4 Kxg6 44. Qd3 {[%emt 0:02:36] and Ne3 would now be decisive} Qh7 {[%emt 0:00:13] Threatens to win with ...Qh4+.} 45. Ne3 (45. Kg2 $5 Qh4 $8 46. Ne3 Qf2+ 47. Kh3 Qh4+ 48. Kg2 $11) 45... Qh4+ $1 46. Kg2 {[%emt 0:00:10] Chess con chili.} Qf2+ 47. Kh1 Qe1+ 48. Kg2 Qf2+ 1/2-1/2

[Event "Slovakian ECo-C Extraliga 2024-25"]
[Site "Slovakia"]
[Date "2025.01.18"]
[Round "3.8"]
[White "Balogh, Peter"]
[Black "Stevik, Patrik"]
[Result "0-1"]
[Annotator "TA"]
[ECO "C54"]
[WhiteElo "2086"]
[BlackElo "2314"]
[PlyCount "62"]
[EventDate "2024.09.12"]
[EventType "team-tourn"]
[EventCountry "SVK"]
[SourceTitle "playchess.com"]
[Source "ChessBase"]
[SourceQuality "1"]
[TimeControl "5400+30"]

1. e4 e5 2. Nf3 Nc6 3. Bc4 Bc5 4. c3 Nf6 5. d4 exd4 6. cxd4 Bb4+ 7. Nc3 Nxe4 8. O-O Bxc3 9. d5 Ne5 10. bxc3 Nxc4 11. Re1 Ncd6 12. Ng5 O-O 13. Nxe4 Nxe4 {[%emt 0:00:16] C54: Giuoco Piano: 4 c3 Nf6, main lines with 5 d4 and 5 d3.} 14. Rxe4 d6 15. Qd4 $146 (15. Qf3 Bd7 16. Bd2 Re8 17. Rae1 Rxe4 18. Rxe4 f5 19. Re1 Qf6 20. c4 Re8 21. Rxe8+ Bxe8 {0-1 Kulon,K (2379)-Koellner,R (2454) St Veit op 43rd 2024 (4)}) 15... Bf5 {[%emt 0:07:10] Black is better.} 16. Rf4 Bg6 17. c4 Qe7 {[%emt 0:04:28][%cal Re7e1] [#]} 18. Bb2 f6 19. h4 Rfe8 20. g4 {[%emt 0:03:54] [#]} (20. Bc1 $17) 20... Qe5 (20... Qe2 $1 $19 {is more deadly. Hoping for ...Re4.} 21. Kh2 Re4 22. Rxe4 Bxe4) 21. h5 Qxd4 (21... Bd3 22. Rd1 Be2 23. Re1 a6) 22. Bxd4 Bd3 23. h6 g5 (23... Bxc4 {is interesting.} 24. hxg7 Bxd5 25. Bxf6 Re6) 24. Rxf6 Re4 $1 (24... Bxc4 25. Rf5 $16) 25. Be3 Rxg4+ ({But not} 25... Rxc4 26. f3 $11) 26. Kh2 Re8 (26... Rxc4 $17 27. Rg1 g4) 27. Rd1 (27. c5 $1 $15) 27... Bxc4 $17 28. Rf5 Rh4+ 29. Kg3 Rxh6 (29... Bxa2 $2 {loses.} 30. Rxg5+ Kf7 31. Kxh4 $18) 30. Bxg5 (30. Rxg5+ $17 Rg6 31. Rxg6+ hxg6 32. a4) 30... Rg6 $19 31. Kf4 $2 (31. Kh4) 31... h6 {[%emt 0:00:14] Weighted Error Value: White=0.51/Black=0.13 (very precise)   Mistake:       	White=4     	Black=2      OK:         	White=2     	Black=10     Best:        	White=2     	Black=2      Strong:       	---       	Black=1} 0-1